 Dungeon Crawl Stone Soup version 0.15.2 (webtiles) character file.

64 Heini the Skirmisher (level 3, 0/34 HPs)
             Began as a Minotaur Fighter on Feb 6, 2015.
             Killed from afar by an orc wizard (3 damage)
             ... with a magic dart
             ... on Level 2 of the Dungeon.
             The game lasted 00:01:42 (1090 turns).

Heini the Skirmisher (Minotaur Fighter)             Turns: 1090, Time: 00:01:43

HP   0/34        AC  7     Str 21      XL: 3   Next: 91%
MP   2/2         EV  6     Int  5      God:
Gold 156         SH  9     Dex  9      Spells:  0 memorised,  2 levels left

rFire  . . .     SeeInvis .     a - +0 flail
rCold  . . .     Clarity  .     b - +0 scale mail
rNeg   . . .     rCorr    .     c - +0 shield
rPois  .         rRot     .     (helmet restricted)
rElec  .         Spirit   .     (no cloak)
SustAb .         Warding  .     (no gloves)
rMut   .         Stasis   .     (no boots)
Gourm  .                        (no amulet)
MR     .....                    (no ring)
                                (no ring)

@: not resistant to hostile enchantments, extremely unstealthy
A: retaliatory headbutt, horns 2
a: no special abilities


You were on level 2 of the Dungeon.
You were not hungry.

You visited 1 branch of the dungeon, and saw 3 of its levels.

You collected 156 gold pieces.

Inventory:

Hand weapons
 a - a +0 flail (weapon)
Armour
 b - a +0 scale mail (worn)
 c - a +0 shield (worn)
Comestibles
 d - 4 bread rations
 f - a beef jerky
 s - a meat ration
 t - a chunk of quokka flesh
Scrolls
 g - 2 scrolls of noise {unknown}
 h - 2 scrolls of amnesia {unknown}
 i - 2 scrolls of identify {unknown}
 m - 2 scrolls of enchant armour {unknown}
 q - a scroll of remove curse {unknown}
Jewellery
 l - an uncursed ring of positive energy {unknown}
Potions
 e - a potion of might
 j - a potion of agility {unknown}
 k - 3 potions of flight {unknown}
 n - a potion of restore abilities {unknown}
 o - a potion of haste {unknown}
 p - a potion of heal wounds {unknown}
 r - a potion of invisibility {unknown}


   Skills:
 * Level 4.7 Fighting
 * Level 3.1 Maces & Flails
 * Level 4.5 Armour
 - Level 3.6 Shields


You had 2 spell levels left.
You didn't know any spells.

Dungeon Overview and Level Annotations

Branches:
Dungeon (3/15)

Altars:
Nemelex Xobeh


Innate Abilities, Weirdness & Mutations

You reflexively headbutt those who attack you in melee.
You have a pair of horns on your head.


Message History

You barely miss the orc wizard.
The orc wizard is heavily wounded.
The orc closely misses you.
The giant gecko bites you but does no damage.
The orc wizard completely misses you. The orc hits you but does no damage.
You block the orc's attack.
You barely miss the orc wizard.
The orc wizard is heavily wounded.
The giant gecko bites you but does no damage.
The orc barely misses you. You block the orc wizard's attack.
The orc hits you from afar with a trident.
The orc hits you with a club.
The giant gecko bites you but does no damage.
The orc hits you but does no damage.
The orc wizard gestures at you while chanting.
The magic dart hits you!
* * * LOW HITPOINT WARNING * * *
The orc wizard gestures at you while chanting.
The magic dart hits you!
You die...

########### #.........#####
##### #.######......# #.... #.#
#......# #.### #.#
#%.....############.### #.#
#.>................)... ###.#
##..olo.....#####.#.#.#. #...#
#...oo......# #.#.#.#. #.###
#....#.@....# #.#.#.#. #.#
#....#......# #.....## #.#
##....######## ###.### #.#
##.....##############.# #.#
##..###................# ##
#.####..##.##.........#########.
#......##...##................'.
####..##^._^.##.......#########.
##..##.......##......# #####.


You could see an orc wizard, 3 orcs and a giant gecko.

Vanquished Creatures
  Jessica (D:2)
  3 worms (D:2)
  An orc (D:2)
  A ball python (D:2)
  4 giant cockroaches (D:2)
  3 hobgoblins
  4 kobolds
  4 bats
  2 giant newts
  3 goblins
  A quokka (D:2)
  A rat (D:2)
28 creatures vanquished.

Notes
Turn   | Place    | Note
--------------------------------------------------------------
     0 | D:1      | Heini, the Minotaur Fighter, began the quest for the Orb.
     0 | D:1      | Reached XP level 1. HP: 19/19 MP: 1/1
   529 | D:2      | Reached XP level 2. HP: 20/27 MP: 1/1
   533 | D:2      | Reached skill level 4 in Fighting
   818 | D:2      | Reached XP level 3. HP: 29/34 MP: 2/2
   902 | D:2      | Found a sparkling altar of Nemelex Xobeh.
   944 | D:2      | Noticed Jessica
   949 | D:2      | Killed Jessica
  1090 | D:2      | Killed from afar by an orc wizard

Action                   || total
-------------------------++-------
Melee: Flail             ||    78
  Eat: Chunk             ||     1
